 Dungeon Crawl Stone Soup version 0.31.0-12-g77e489cdc1 (webtiles) character file.

Game seed: 5698332174572480761

49 Curundu the Trooper (level 3, -1/51 HPs)
             Began as a Minotaur Berserker on Feb 21, 2024.
             Was a Believer of Trog.
             Slain by Robin
             ... wielding a +0 whip of electrocution
              (4 damage)
             ... on level 2 of the Dungeon.
             The game lasted 00:03:44 (1029 turns).

Curundu the Trooper (Minotaur Berserker)            Turns: 1029, Time: 00:03:46

Health: -1/51      AC:  2    Str: 23    XL:     3   Next: 53%
Magic:  2/2        EV: 12    Int:  4    God:    Trog [**....]
Gold:   59         SH:  0    Dex:  9    Spells: 2/2 levels left

rFire   . . .        a - +0 hand axe
rCold   . . .        (no shield)
rNeg    . . .        b - +0 animal skin
rPois   .            (helmet restricted)
rElec   .            (no cloak)
rCorr   +            (no gloves)
SInv    .            (no boots)
Will    .....        (no amulet) Stlth
                     g - ring of resist corrosion
HPRegen 0.28/turn    (no ring)
MPRegen 0.08/turn

%: no passive effects
@: berserking, very quick
A: horns 2, retaliatory headbutt
a: Renounce Religion, Berserk, Trog's Hand


You were on level 2 of the Dungeon.
You worshipped Trog.
Trog was pleased with you.
You visited 1 branch of the dungeon, and saw 2 of its levels.

You collected 59 gold pieces.

Inventory:

Hand Weapons
 a - a +0 hand axe (weapon)
Missiles
 f - a throwing net (quivered)
Armour
 b - a +0 animal skin (worn)
Jewellery
 g - a ring of resist corrosion (left hand)
Scrolls
 c - 2 scrolls of identify {unknown}
 d - a scroll of amnesia {unknown}
 h - a scroll of blinking {unknown}
 j - a scroll of immolation {unknown}
Potions
 e - 2 potions of degeneration {unknown}
 i - a potion of curing {unknown}
 k - a potion of heal wounds {unknown}


   Skills:
 + Level 4.5 Fighting
 + Level 4.3 Axes
 * Level 2.7 Armour
 * Level 2.6 Dodging
 * Level 0.4 Shields


You had 2 spell levels left.
You didn't know any spells.
Your spell library was empty.

Dungeon Overview and Level Annotations

Branches:
Dungeon (2/15)

Altars:
Wu Jian

Annotations:
D:2 Robin


Innate Abilities, Weirdness & Mutations

You have a pair of horns on your head.
You reflexively headbutt those who attack you in melee.


Message History

The goblin hits you with a +2 dagger of flaming.
The goblin burns you.
* * * LOW HITPOINT WARNING * * *
A red film seems to cover your vision as you go berserk!
You feel yourself moving faster!
You feel mighty!
Robin hits you with a +0 whip of electrocution.
* * * LOW HITPOINT WARNING * * *
The goblin hits you with a +0 dagger.
* * * LOW HITPOINT WARNING * * *
The goblin closely misses you. The goblin barely misses you.
The goblin closely misses you. The goblin barely misses you.
You furiously retaliate!
You headbutt the goblin.
You kill the goblin!
Trog accepts your kill.
You slash Robin!
Robin is severely wounded.
You slash the goblin!
You kill the goblin!
Trog accepts your kill.
You slash the goblin!
You feel the power of Trog in you as your rage grows.
You kill the goblin!
Trog accepts your kill.
You closely miss the goblin. You slash the goblin!
You kill the goblin!
Trog accepts your kill.
You closely miss the goblin. Robin throws the goblin at you!
The goblin misses you.
The goblin hits you with a +2 dagger of flaming.
* * * LOW HITPOINT WARNING * * *
The goblin burns you.
* * * LOW HITPOINT WARNING * * *
You hit Robin.
Robin is almost dead.
You barely miss the goblin. x2; The goblin hits you with a +0 dagger.
* * * LOW HITPOINT WARNING * * *
The goblin closely misses you.
Robin hits you with a +0 whip of electrocution.
You die...
Robin lets out a smug laugh.

#.. #.. #..#####
####......##
...........######
.........#......
......)g....#.#
.......)@)##<..
.......)gg.#.######
#.............#....
#..........#.#..#
..........#...##
#.##.####.....# .
#..........##..~≈~
##########........###
≈~≈≈≈
.)..##......_..####
≈≈≈≈≈


You could see Robin and 2 goblins.

Vanquished Creatures
  2 dart slugs (D:1)
  A ball python (D:1)
  5 endoplasms
  A giant cockroach (D:2)
  12 goblins
  3 hobgoblins
  2 jackals (D:1)
  A kobold (D:1)
  3 quokkas
  2 bats (D:1)
  4 frilled lizards
  3 rats
39 creatures vanquished.

Notes
Turn   | Place    | Note
-------+----------+-------------------------------------------
     0 | D:1      | Curundu the Minotaur Berserker began the quest for the Orb.
     0 | D:1      | Reached XP level 1. HP: 19/19 MP: 0/0
   222 | D:1      | Reached XP level 2. HP: 26/27 MP: 1/1
   470 | D:1      | Reached XP level 3. HP: 25/34 MP: 2/2
   966 | D:2      | Found an ornate altar of the Wu Jian Council.
  1003 | D:2      | Reached ** piety under Trog
  1004 | D:2      | Found a faded altar of an unknown god.
  1018 | D:2      | Noticed Robin
  1029 | D:2      | Slain by Robin

Illustrated notes

Levels and vault maps discovered:
D:1:      nicolae_arrival_washed_ashore, layout_loops_ring
D:2:      layout_rooms, basic_altar, nicolae_ecumenical_lake_church, uniq_robin

Skill      XL: |  1  2 |
---------------+-------+-----
Fighting       | 4 |  4.5
Axes           | 4 |  4.3
Armour         | |  2.7
Dodging        | |  2.6
Shields        | |  0.4

Action                     || total
---------------------------++-------
  Melee: Hand axe          ||    67
         Headbutt          ||     8
 Invoke: Berserk           ||     1
   Stab: Sleeping          ||     1
 Armour: Animal skin       ||    59
  Dodge: Dodged            ||    54
